AoeStats
← PALITOMAN

Nomad

509343520Analyzed
3v3 RM · 6d ago on Sep 26, 2026· 62m 22s· 6 players
Game mode
Random Map
Map size
210×210
Population
200
Speed
Normal
Resources
Standard
Victory
Conquest
Starting age
Dark Age
Ending age
Imperial Age
RankedLock teamsTeams togetherTeam positionsShared explorationLock speedFull tech treeHidden civsTurbo modeCheats
Victory
Defeat
1166
+15
🇹🇼 Franks · Taiwan
1159
+15
🇹🇼 Byzantines · Taiwan
1071
+18
🇧🇷 Bohemians · Brazil
1174
-17
🇦🇷 Tupi · Argentina
1121
-16
🇪🇸 Byzantines · Spain
1097
-15
瘋狂塔夫,爆了!
6:08 Loom
13:26 Feudal Age
22:43 Castle Age
21:06 Double-Bit Axe
21:17 Gold Mining
22:30 Forging
22:27 Scale Barding Armor
28:32 Husbandry
28:43 Horse Collar
29:51 Bloodlines
33:11 Heavy Plow
35:26 Wheelbarrow
36:31 Scale Mail Armor
36:55 Chain Barding Armor
40:23 Imperial Age
38:14 Hand Cart
38:13 Bow Saw
38:55 Vendel Legacy
40:59 Light Cavalry
41:07 Cavalier
41:46 Light Cavalry
43:18 Conscription
45:34 Two-Man Saw
44:41 Gothikon
46:00 Iron Casting
45:26 Scale Mail Armor
46:02 Plate Barding Armor
46:45 Hussar
51:41 Crop Rotation
54:43 Chain Mail Armor
55:04 Iron Casting
56:38 Squires
56:04 Elite Varangian Guard
57:39 Arson
57:42 Gambesons
63:10 Blast Furnace
好喜樂的王董
6:57 Loom
13:38 Feudal Age
14:45 Double-Bit Axe
14:44 Horse Collar
15:48 Man-at-Arms
27:48 Castle Age
27:19 Scale Mail Armor
27:31 Forging
31:11 Scale Barding Armor
53:57 Imperial Age
jack20331
3:24 Loom
15:05 Feudal Age
20:01 Castle Age
17:57 Double-Bit Axe
21:00 Bow Saw
21:30 Fishing Lines
27:23 Scale Barding Armor
27:39 Husbandry
29:24 Chain Barding Armor
29:33 Scale Mail Armor
29:46 Forging
30:18 Gold Mining
31:05 Wheelbarrow
32:09 Hand Cart
36:20 Imperial Age
35:09 Iron Casting
36:19 Stone Mining
37:06 Gold Shaft Mining
36:27 Cavalier
37:35 Conscription
40:56 Plate Barding Armor
45:56 Paladin
49:24 Chivalry
49:37 Light Cavalry
55:24 Blast Furnace
PALITOMAN
3:43 Loom
13:25 Feudal Age
14:03 Double-Bit Axe
15:49 Fishing Lines
17:54 Fletching
24:02 Castle Age
26:47 Gillnets
27:58 Wheelbarrow
28:07 Bodkin Arrow
28:13 Padded Archer Armor
32:45 Imperial Age
30:36 Leather Archer Armor
32:21 Hand Cart
32:31 Pikeman
34:30 Chemistry
33:52 Forging
35:59 Ballistics
37:12 Murder Holes
46:19 Iron Casting
47:12 Bow Saw
47:55 Scale Mail Armor
49:49 Chain Mail Armor
52:21 Plate Mail Armor
Chaves
6:05 Loom
14:52 Feudal Age
17:38 Town Watch
17:42 Double-Bit Axe
17:50 Man-at-Arms
19:22 Wheelbarrow
23:24 Fletching
23:35 Padded Archer Armor
30:37 Castle Age
31:04 Scale Mail Armor
35:22 Fishing Lines
36:42 Squires
36:30 Arson
36:38 Arson
40:26 Crossbowman
42:59 Bodkin Arrow
47:03 Ballistics
47:40 Gillnets
48:16 Bow Saw
48:28 Pikeman
55:44 Imperial Age
54:24 Long Swordsman
ELTRAVERO
4:53 Loom
14:26 Feudal Age
14:49 Fishing Lines
15:03 Double-Bit Axe
15:10 Gold Mining
17:45 Stone Mining
20:21 Fletching
25:15 Castle Age
23:26 Forging
26:07 Bodkin Arrow
26:40 Medium Warships
26:21 Gillnets
27:49 Wheelbarrow
27:26 Bow Saw
27:51 Gold Shaft Mining
27:58 Gold Shaft Mining
27:45 Ballistics
29:17 Padded Archer Armor
31:55 Leather Archer Armor
33:30 Hand Cart
33:00 Town Watch
37:09 Horse Collar
38:32 Town Patrol
42:22 Imperial Age
43:24 Conscription
43:15 Curare
45:31 Chemistry
44:12 Treadmill Crane
44:39 Elite Blackwood Archer
49:23 Bracer
49:25 Scale Mail Armor
50:00 Iron Casting
50:20 Hoardings
49:32 Pikeman
50:13 Squires
51:26 Chain Mail Armor
51:42 Ring Archer Armor
51:52 Halberdier
55:27 Heavy Plow
56:28 Two-Man Saw
58:04 Arson
60:25 Murder Holes
Connection lost

Rejoining the realm…

Still unreachable

The connection could not be restored.

Session expired

The server has moved on; the page needs a fresh start.